 Dungeon Crawl Stone Soup version 0.19-a0-1852-gc11d922 (webtiles) character file.

312 PurpleRed the Magician (level 6, 0/32 HPs)
             Began as a Kobold Wizard on Oct 10, 2016.
             Was an Initiate of Vehumet.
             Succumbed to a worker ant's poison
             ... on level 4 of the Dungeon.
             The game lasted 00:12:47 (1324 turns).

PurpleRed the Magician (Kobold Wizard)              Turns: 1324, Time: 00:12:48

Health: 0/32       AC: 10    Str:  4    XL:     6   Next: 71%
Magic:  6/13       EV: 14    Int: 21    God:    Vehumet [......]
Gold:   85         SH:  0    Dex: 14    Spells: 3 memorised, 8 levels left

rFire  . . .     SeeInvis .     n - +0 rapier
rCold  . . .     Gourm    .     p - +3 leather armour
rNeg   . . .     Faith    .     (shield restricted)
rPois  .         Spirit   .     b - +0 hat
rElec  .         Dismiss  .     e - +0 cloak
rCorr  .         Reflect  .     l - +0 pair of gloves
MR     .....     Harm     .     q - +1 pair of boots
Stlth  ++........               (no amulet)
                                (no ring)
                                (no ring)

@: lethally poisoned (0 -> -4)
A: carnivore 3
a: Renounce Religion


You were on level 4 of the Dungeon.
You worshipped Vehumet.
Vehumet was noncommittal.
You were very full.

You visited 2 branches of the dungeon, and saw 5 of its levels.

You collected 85 gold pieces.

Inventory:

Hand Weapons
 g - a +0 spear
 i - a +0 dagger
 k - a +0 whip
 n - a +0 rapier (weapon)
Missiles
 r - 4 tomahawks (quivered)
 s - 3 needles of sleeping
Armour
 a - a +0 robe
 b - a +0 hat (worn)
 e - a +0 cloak (worn)
 l - a +0 pair of gloves (worn)
 p - a +3 leather armour (worn)
 q - a +1 pair of boots (worn)
Magical Staves
 t - an uncursed staff of fire
Scrolls
 f - 2 scrolls of remove curse
 h - a scroll of amnesia
 j - a scroll of enchant weapon {unknown}
 o - a scroll of fear
Books
 c - a book of Minor Magic

   Spells                             Type                      Level
   a - Magic Dart                     Conjuration                  1
   b - Blink                          Translocation                2
   c - Call Imp                       Summoning                    2
   d - Repel Missiles                 Charms/Air                   2
   e - Slow                           Hexes                        2
   f - Conjure Flame                  Conjuration/Fire             3
   g - Mephitic Cloud                 Conjuration/Poison/Air       3
Comestibles
 d - 2 meat rations
 m - a royal jelly


   Skills:
 - Level 2.4 Dodging
 - Level 2.6 Stealth
 + Level 4.8 Spellcasting
 + Level 3.8 Conjurations
 + Level 3.5 Summonings
   Level 1.0 Translocations


You had 8 spell levels left.
You knew the following spells:

 Your Spells              Type           Power        Failure   Level  Hunger
a - Magic Dart            Conj           ###.         4%          1    None
b - Call Imp              Summ           ###.....     10%         2    None
c - Mephitic Cloud        Conj/Pois/Air  ##......     41%         3    ##.....


Dungeon Overview and Level Annotations

Branches:
Dungeon (4/15)             Temple (1/1) D:4

Altars:
Ashenzari
Cheibriados
Dithmenos
Elyvilon
Fedhas
Gozag
Hepliaklqana
Kikubaaqudgha
Makhleb
Nemelex Xobeh
Okawaru
Qazlal
Ru
Sif Muna
Trog
Uskayaw
Vehumet
Xom
Yredelemnul
Zin
The Shining One

Annotations:
D:3 Grinder


Innate Abilities, Weirdness & Mutations

You are small and have problems with some larger weapons.
You are carnivorous and can eat meat at any time.


Message History

You continue putting on your dyed leather armour.
* * * LOW HITPOINT WARNING * * *
You feel sick.
You continue putting on your dyed leather armour.
Your crimson imp blinks!
You continue putting on your dyed leather armour.
* * * LOW HITPOINT WARNING * * *
You feel sick.
You finish putting on your +3 leather armour.
You aren't carrying any potions.
Unknown command.
* * * LOW HITPOINT WARNING * * *
You feel sick.
* * * LOW HITPOINT WARNING * * *
You feel sick.
Unknown command.
Found a stone staircase leading down and a stone staircase leading up.
* * * LOW HITPOINT WARNING * * *
You feel sick.
You die...

#....#..)#....##. ##.
#....######...### #<.
#.......###...##.
#>.##.......#.....'..
#.>.........#.....##.
#...>.......########.
####..............#..##.
.........5........#%.'.<
.......@..........#..#..
..................#####^
........###########..###
........# #.........
........# #.........
####....# #.........
#....# #......... #....#
########..##.
#......#####.


You could see a friendly crimson imp.

Vanquished Creatures
  A scorpion (D:4)
  A worker ant (D:4)
  An adder (D:4)
  2 gnolls (D:4)
  3 giant cockroaches
  5 goblins
  2 hobgoblins (D:2)
  2 jackals (D:3)
  2 kobolds
  3 bats
  A frilled lizard (D:4)
  3 rats (D:3)
26 creatures vanquished.

Vanquished Creatures (collateral kills)
  Eustachio (D:4)
  An ogre (D:4)
  A scorpion (D:4)
  A hound skeleton (D:4)
  A gnoll (D:4)
  An adder (D:3)
  A worm (D:4)
  A leopard gecko (D:4)
  A hobgoblin (D:3)
  2 rats (D:3)
11 creatures vanquished.

Grand Total: 37 creatures vanquished

Notes
Turn   | Place    | Note
-------+----------+-------------------------------------------
     0 | D:1      | PurpleRed the Kobold Wizard began the quest for the Orb.
     0 | D:1      | Reached XP level 1. HP: 10/10 MP: 4/4
   195 | D:2      | Reached XP level 2. HP: 15/15 MP: 3/6
   199 | D:2      | Learned a level 2 spell: Call Imp
   333 | D:3      | Noticed Grinder
   447 | D:3      | Reached XP level 3. HP: 10/19 MP: 0/7
   525 | D:3      | Learned a level 3 spell: Mephitic Cloud
   586 | D:4      | Noticed a scorpion
   599 | D:4      | Killed a scorpion
   599 | D:4      | Reached XP level 4. HP: 20/24 MP: 5/9
   646 | D:4      | Noticed Eustachio
   754 | D:4      | Noticed an ogre
   785 | D:4      | Killed an ogre
   785 | D:4      | Reached skill level 4 in Spellcasting
   785 | D:4      | Reached XP level 5. HP: 5/28 MP: 6/11
   812 | D:4      | Found a staircase to the Ecumenical Temple.
   821 | Temple   | Entered the Ecumenical Temple
   867 | Temple   | Became a worshipper of Vehumet
   970 | D:4      | Killed Eustachio
   970 | D:4      | Reached XP level 6. HP: 8/32 MP: 1/12
  1319 | D:4      | HP: 1/32 [poisoned by a worker ant]
  1324 | D:4      | Succumbed to a worker ant's poison

Vault maps used:
D:1:      onia_arrival_mini_spirals, hangedman_decor_clover_reticule
D:2:      corexii_shack
D:3:      corexii_shack_village, uniq_grinder
D:4:      first_bread, uniq_eustachio
Temple:   nicolae_temple_the_god_donut

Skill      XL: |  1  2  3  4  5 |
---------------+----------------+-----
Conjurations   | 2 3 |  3.8
Summonings     | 2 3 |  3.5
Spellcasting   | 4 |  4.8
Dodging        | |  2.4
Stealth        | |  2.6
Translocations | |  1.0

Action                   |  1- 3 |  4- 6 || total
-------------------------+-------+-------++-------
Melee: Whip              |    55 |    18 ||    73
       Dagger            |    12 |    43 ||    55
       Rapier            |       |    10 ||    10
 Cast: Magic Dart        |    24 |     7 ||    31
       Call Imp          |     7 |     8 ||    15
       Mephitic Cloud    |       |     5 ||     5
  Use: Potion            |     2 |       ||     2
       Scroll            |     6 |       ||     6
 Stab: Sleeping          |     2 |     3 ||     5
       Confused          |       |     4 ||     4
       Distracted        |       |     2 ||     2
  Eat: Chunk             |       |    10 ||    10
Armor: Robe              |    30 |    11 ||    41
Dodge: Dodged            |    66 |    29 ||    95
